 Dungeon Crawl Stone Soup version 0.29-a0-297-g7659ce593d (console) character file.

Game seed: 15785338914925382307

561 Ignak the Skirmisher (level 7, -8/71 HPs)
             Began as an Ogre Warper on Mar 22, 2022.
             Killed by an exploding hobgoblin zombie (43 damage)
             ... ignited by their inner flame
             ... in an ossuary.
             The game lasted 00:12:05 (6734 turns).

Ignak the Skirmisher (Ogre Warper)                  Turns: 6734, Time: 00:12:05

Health: -8/71      AC:  4    Str: 24    XL:     7   Next: 31%
Magic:  13/13      EV: 14    Int: 14    God:
Gold:   215        SH:  0    Dex:  8    Spells: 9/14 levels left

rFire   . . .      SeeInvis .   v - +2 mace (vorpal)
rCold   . . .      Faith    .   (no shield)
rNeg    . . .      Spirit   .   b - +1 robe
rPois   .          Reflect  .   (helmet restricted)
rElec   .          Harm     .   (no cloak)
rCorr   .          Rampage  .   (gloves unavailable)
Will    .....                   (boots unavailable)
Stlth   +.........              (no amulet)
HPRegen 0.21/turn               m - +6 ring of strength
MPRegen 0.13/turn               q - +4 ring of evasion

@: no status effects
A: large, unfitting armour, tough skin 1
a: no special abilities


You were in an ossuary.
You visited 1 branch of the dungeon, and saw 5 of its levels.
You also visited: Ossuary.

You collected 215 gold pieces.

Inventory:

Hand Weapons
 j - a +0 giant spiked club
 v - a +2 vorpal mace (weapon)
Missiles
 d - 5 boomerangs of dispersal
 n - 6 boomerangs
 y - 3 poisoned darts (quivered)
 z - 3 curare-tipped darts
 A - a throwing net
Armour
 b - a +1 robe (worn)
Jewellery
 m - a +6 ring of strength (left hand)
 q - a +4 ring of evasion (right hand)
Wands
 a - a wand of flame (4)
 h - a wand of digging (4)
Scrolls
 c - a scroll of blinking
 f - a scroll of identify
 i - a scroll of amnesia
 o - a scroll of teleportation
 t - 2 scrolls of enchant weapon
 w - a scroll of fear
Potions
 k - a potion of magic
 p - a potion of heal wounds
 u - a potion of curing


   Skills:
 + Level 4.6 Fighting
 * Level 4.1 Maces & Flails
 - Level 1.1 Throwing
 + Level 3.3 Dodging
 - Level 1.0 Unarmed Combat
 + Level 4.1 Spellcasting
 + Level 3.9 Translocations


You had 9 spell levels left.
You knew the following spells:

 Your Spells              Type           Power      Damage    Failure   Level
a - Teleport Other        Tloc           13%        N/A       12%         3
b - Blink                 Tloc           26%        N/A       6%          2

Your spell library contained the following spells:

 Spells                   Type           Power      Damage    Failure   Level
 Gell's Gravitas          Tloc           13%        N/A       12%         3
 Lesser Beckoning         Tloc           13%        N/A       12%         3
 Manifold Assault         Tloc           13%        N/A       71%         5


Dungeon Overview and Level Annotations

Branches:
Dungeon (5/15)            Ossuary (1/1)
 Temple: D:4-7

Altars:
Dithmenos
Kikubaaqudgha
The Shining One

Shops:
D:3 (


Innate Abilities, Weirdness & Mutations

You are too large for most types of armour.
You have tough skin. (AC +1)


Message History

2 mummies come into view.
A hobgoblin zombie comes into view.
Aiming: Throw Flame
Press: ? - help, Shift-Dir - straight line, f - mummy
Aim: a mummy (85% to hit)
The puff of flame hits the mummy.
The mummy is burned terribly!
The mummy is lightly damaged.
Aiming: Throw Flame
Press: ? - help, Shift-Dir - straight line, f/p - mummy
Aim: a mummy (lightly damaged, 85% to hit)
The puff of flame misses the mummy.
Aiming: Throw Flame
Press: ? - help, Shift-Dir - straight line, f/p - mummy
Aim: a mummy (lightly damaged, 85% to hit)
The puff of flame hits the mummy!
The mummy is burned terribly!
The mummy is heavily damaged.
Really read the scroll of immolation?
As you read the scroll of immolation, it crumbles to dust.
The creatures around you are filled with an inner flame!
The hobgoblin zombie barely misses you.
Press: ? - help, v - describe, . - travel
Here: a mummy (heavily damaged, inner flame)
The floor.
Aiming: Throw Flame
Press: ? - help, Shift-Dir - straight line, f/p - mummy
Aim: a mummy (heavily damaged, inner flame, 85% to hit)
The puff of flame hits the mummy.
The mummy is burned terribly!
Flame seeps out of the mummy.
The mummy is severely damaged.
The mummy is engulfed in blazing flames.
The mummy explodes!
The fiery explosion engulfs the mummy!!!!
The mummy is burned terribly!
The fiery explosion engulfs you!!!
Ouch! That really hurt!
The fiery explosion engulfs the hobgoblin zombie!!!
The hobgoblin zombie explodes!
The fiery explosion engulfs the mummy!!!
The mummy is burned terribly!
The fiery explosion engulfs you!!!
Ouch! That really hurt!
You die...

...##....##....
...............
..............
............
#........#
#...M.Z# #..§§#
#.§§○# #..@§#
#....# #....#
#....# #....#
#....# #.∩∩.#
######


You could see a mummy (inner flame) and a hobgoblin zombie (inner flame).

Vanquished Creatures
  A black bear (D:4)
  An ogre (D:4)
  A necrophage (D:4)
  A hound (D:4)
  2 jellies
  Terence (D:2)
  Jessica (D:3)
  Ijyb (D:3)
  3 mummies (Ossuary)
  6 adders
  A white imp (D:4)
  6 dart slugs
  3 orcs
  11 ball pythons
  6 bats
  5 endoplasms
  5 giant cockroaches
  3 goblins
  7 hobgoblins
  3 quokkas
  7 frilled lizards
  2 goblin skeletons (D:4)
  2 goblin zombies (D:4)
  5 hobgoblin zombies
  7 kobolds
  A kobold skeleton (D:4)
  4 kobold zombies
  An orc skeleton (D:4)
  3 orc zombies
  4 rats
  A spectral hobgoblin (D:1)
105 creatures vanquished.

Notes
Turn   | Place    | Note
-------+----------+-------------------------------------------
     0 | D:1      | Ignak the Ogre Warper began the quest for the Orb.
     0 | D:1      | Reached XP level 1. HP: 22/22 MP: 3/3
   306 | D:1      | Reached XP level 2. HP: 13/29 MP: 5/5
   487 | D:1      | Learned a level 2 spell: Blink
  1412 | D:1      | Reached XP level 3. HP: 35/37 MP: 7/7
  1513 | D:1      | Found a faded altar of an unknown god.
  1777 | D:2      | Learned a level 3 spell: Teleport Other
  2338 | D:2      | Reached XP level 4. HP: 44/45 MP: 8/8
  2842 | D:2      | Reached skill level 1 in Unarmed Combat
  3347 | D:3      | Noticed Terence
  3455 | D:2      | Killed Terence
  3835 | D:3      | Found Dirideint's Antique Weapon Shop.
  3836 | D:3      | Found an ancient bone altar of Kikubaaqudgha.
  3840 | D:3      | Reached XP level 5. HP: 53/53 MP: 9/9
  3847 | D:3      | Found a shadowy altar of Dithmenos.
  4274 | D:3      | Noticed Ijyb
  4285 | D:3      | Killed Ijyb
  4357 | D:3      | Noticed Jessica
  4365 | D:3      | Killed Jessica
  4679 | D:3      | Reached XP level 6. HP: 62/62 MP: 11/11
  5240 | D:4      | Found a glowing golden altar of the Shining One.
  6181 | D:4      | Reached XP level 7. HP: 58/71 MP: 12/12
  6679 | D:5      | Entered Level 5 of the Dungeon
  6692 | D:5      | Found a sand-covered staircase.
  6702 | Ossuary  | Entered an ossuary
  6734 | Ossuary  | Killed by an exploding hobgoblin zombie... ignited by their
                  | inner flame

Illustrated notes

Levels and vault maps discovered:
D:1:      mushboom_english_gardens, layout_basic,
          dreamdust_ecumenical_altar_drowned_temple, minmay_tetromino_l4
D:2:      layout_basic
D:3:      layout_basic, grunt_temple_overflow_open, serial_shops, shop,
          uniq_ijyb, uniq_terence, uniq_jessica
D:4:      layout_loops_ring, nicolae_tso_besieged_by_evil, kennysheep_crisscross
D:5:      layout_cave_pools, minmay_temple_entry_overgrown,
          nicolae_ossuary_entry_plus, minmay_increasing_density
Ossuary:  ossuary_tomb_3

Skill      XL: |  1  2  3  4  5  6  7 |
---------------+----------------------+-----
Fighting       | 3 4 |  4.6
Maces & Flails | 2 3 4 |  4.1
Translocations | 3 |  3.9
Unarmed Combat | 1 |  1.0
Spellcasting   | 3 4 |  4.1
Dodging        | 3 |  3.3
Throwing       | |  1.1

Action                   |  1- 3 |  4- 6 |  7- 9 || total
-------------------------+-------+-------+-------++-------
Melee: Mace              |   125 |   175 |    18 ||   318
       Short sword       |    16 |       |       ||    16
       Punch             |     3 |       |       ||     3
Throw: Dart              |       |    22 |     3 ||    25
       Throwing net      |       |     2 |       ||     2
       Boomerang         |       |     2 |       ||     2
 Cast: Blink             |       |     2 |       ||     2
       Teleport Other    |       |     1 |       ||     1
Evoke: Wand              |       |     3 |     6 ||     9
  Use: Scroll            |       |    11 |     1 ||    12
       Potion            |       |     8 |       ||     8
Armor: Robe              |    59 |    29 |     2 ||    90
Dodge: Dodged            |    89 |   139 |    11 ||   239

Table legend: (Time is in decaauts)
 A = Elapsed time spent in this place.
 B = Non-inter-level travel time spent in this place.
 C = Inter-level travel time spent in this place.
 D = Time resting spent in this place.
 E = Time spent auto-exploring this place.
 F = Levels seen in this place.
 G = Mean time per level.
                   A        B        C        D        E       F      G
               +--------+--------+--------+--------+--------+-----+--------+
         Total |   6801 |   6669 |    132 |   2453 |   2773 |   6 | 1133.5 |
       Dungeon |   6768 |   6636 |    132 |   2453 |   2773 |   5 | 1353.6 |
       Ossuary |     33 |     33 |      0 |      0 |      0 |   1 |   33.0 |
               +--------+--------+--------+--------+--------+-----+--------+

Top non-repeatable levels by time:
     D:2: 1989 daAuts
     D:1: 1779 daAuts
     D:4: 1656 daAuts
     D:3: 1320 daAuts
 Ossuary: 33 daAuts
     D:5: 23 daAuts
